 Dungeon Crawl Stone Soup version 0.31-a0-569-g7ea453304b (webtiles) character file.

Game seed: 9573179010741114696

63 Ethylacetat the Insei (level 4, -2/30 HPs)
             Began as an Octopode Gladiator on Aug 18, 2023.
             Slain by an iguana (3 damage)
             ... on level 3 of the Dungeon.
             The game lasted 00:01:59 (1829 turns).

Ethylacetat the Insei (Octopode Gladiator)          Turns: 1829, Time: 00:01:59

Health: -2/30      AC:  1    Str: 13    XL:     4   Next: 9%
Magic:  4/4        EV: 14    Int: 10    God:
Gold:   77         SH:  0    Dex: 15    Spells: 3/3 levels left

rFire   + .          .
                       - Unarmed
rCold   . . .        (no shield)
rNeg    . . .        a - +0 hat
rPois   .            (no amulet)
rElec   .            f - ring of protection from fire
rCorr   .            (no ring)
SInv    .            (no ring)
Will    .....        (no ring)
Stlth   ++           (no ring)
HPRegen 0.25/turn    (no ring)
MPRegen 0.09/turn    (no ring)
                     (no ring)

%: no passive effects
@: no status effects
A: almost no armour, amphibious, 8 rings, camouflage 1, gelatinous body 1,
(nimble swimmer 1), tentacles
a: no special abilities


You were on level 3 of the Dungeon.
You visited 1 branch of the dungeon, and saw 3 of its levels.

You collected 77 gold pieces.

Inventory:

Missiles
 b - 3 throwing nets (quivered)
 c - a javelin
Armour
 a - a +0 hat (worn)
Jewellery
 f - a ring of protection from fire (left tentacle)
 h - a +6 ring of intelligence
Scrolls
 g - 5 scrolls of identify {unknown}
 i - 2 scrolls of vulnerability {unknown}
 m - a scroll of revelation {unknown}
 o - a scroll of noise {unknown}
Potions
 d - a potion of berserk rage {unknown}
 e - 2 potions of enlightenment {unknown}
 j - 2 potions of heal wounds {unknown}
 k - a potion of curing {unknown}
 l - 2 potions of brilliance {unknown}
 n - a potion of attraction {unknown}
 p - a potion of might {unknown}


   Skills:
 + Level 2.9 Fighting
 - Level 2.0 Throwing
 + Level 3.6 Dodging
 + Level 3.6 Unarmed Combat


You had 3 spell levels left.
You didn't know any spells.
Your spell library contained the following spells:

 Spells                   Type           Power      Damage    Failure   Level
 Frozen Ramparts          Ice            0%         1d1       75%         3
 Petrify                  Tmut/Erth      0%         N/A       98%         4
 Metabolic Englaciation   Hex/Ice        0%         N/A       100%        5


Dungeon Overview and Level Annotations

Branches:
Dungeon (3/15)

Altars:


Innate Abilities, Weirdness & Mutations

You cannot wear most types of armour.
You are amphibious.
You can wear up to eight rings at the same time.
Your skin changes colour to match your surroundings (Stealth+).
Your rubbery body absorbs attacks. (AC +1, EV +1)
((You are camouflaged when in or above water. (Stealth+)))
You have tentacles for arms and can constrict up to eight enemies at once.


Message History

You enter the shallow water.
Found a stone staircase leading up.
No target in view!
No target in view!
Found a stone staircase leading down.
No target in view!
An iguana comes into view.
An iguana is nearby!
A ball python comes into view.
The iguana closely misses you.
You see here an amulet of the acrobat.
You tentacle-slap the iguana but do no damage.
You grab the iguana. You constrict the iguana.
The ball python hisses angrily.
The iguana bites you!
You tentacle-slap the iguana but do no damage.
The iguana is lightly wounded.
You constrict the iguana. The iguana bites you!
You are too injured to fight recklessly!
You are too injured to fight recklessly!
You are too injured to fight recklessly!
You tentacle-slap the iguana.
The iguana is moderately wounded.
You constrict the iguana, but do no damage.
The iguana misses you.
You tentacle-slap the iguana but do no damage.
The iguana is moderately wounded.
You constrict the iguana. The iguana bites you!
* * * LOW HITPOINT WARNING * * *
You tentacle-slap the iguana but do no damage.
You squeeze the iguana.
The iguana is heavily wounded.
You constrict the iguana. You tentacle-slap the ball python.
You kill the ball python!
You constrict the iguana. The iguana closely misses you.
You tentacle-slap the iguana.
The iguana is almost dead.
You constrict the iguana. The iguana bites you.
You die...

......... .....$.#
.....:<# ......#
......##
.########.....>#
..............†l....#
..............@.....#
#............#......#
#..~~........##..####
##.~..~.......##.##
##~~~..~..~~...~###
#~~~..~..~..~..~~#
#~~...~.⌠~..~..~~#
#~~..~..~⌠.~...~~#
#~~..~..~†.~..~~~#


You could see an iguana.

Vanquished Creatures
  A worm (D:2)
  5 ball pythons
  6 bats
  4 endoplasms
  A giant cockroach (D:1)
  7 hobgoblins
  8 jackals (D:1)
  2 quokkas (D:3)
  7 frilled lizards
  5 goblins
  5 kobolds
  4 rats
55 creatures vanquished.

Notes
Turn   | Place    | Note
-------+----------+-------------------------------------------
     0 | D:1      | Ethylacetat the Octopode Gladiator began the quest for the
                  | Orb.
     0 | D:1      | Reached XP level 1. HP: 14/14 MP: 1/1
    25 | D:1      | Reached XP level 2. HP: 3/19 MP: 2/2
   274 | D:1      | Reached XP level 3. HP: 13/25 MP: 3/3
  1764 | D:3      | Reached XP level 4. HP: 30/30 MP: 4/4
  1826 | D:3      | HP: 1/30 [iguana (11)]
  1829 | D:3      | Slain by an iguana

Illustrated notes

Levels and vault maps discovered:
D:1:      dreamdust_arrival_sigmund_warning, layout_basic,
          minmay_misc_feat_pillars, hex_medium
D:2:      layout_loops_corners, serial_bayou, serial_bayou_shore_a,
          serial_bayou_shore_b, serial_bayou_shore_b, serial_bayou_pond_c,
          grunt_ministairs_1, minmay_lizard_pond
D:3:      cheibrodos_helix_gallery, layout_rooms

Action                     |  1- 3 |  4- 6 || total
---------------------------+-------+-------++-------
  Melee: Unarmed           |    96 |    14 ||   110
         Constrict         |    24 |     4 ||    28
         Tentacles         |    17 |     4 ||    21
         Punch             |     4 |       ||     4
   Stab: Sleeping          |     5 |       ||     5
         Distracted        |     1 |       ||     1
 Armour: Skin              |    11 |       ||    11
  Dodge: Dodged            |    73 |     8 ||    81

Table legend: (Time is in decaauts)
 A = Elapsed time spent in this place.
 B = Non-inter-level travel time spent in this place.
 C = Inter-level travel time spent in this place.
 D = Time resting spent in this place.
 E = Time spent auto-exploring this place.
 F = Levels seen in this place.
 G = Mean time per level.
                   A        B        C        D        E       F      G
               +--------+--------+--------+--------+--------+-----+--------+
         Total |   1821 |   1773 |     48 |      0 |   1494 |   3 |  607.0 |
       Dungeon |   1821 |   1773 |     48 |      0 |   1494 |   3 |  607.0 |
               +--------+--------+--------+--------+--------+-----+--------+

Top non-repeatable levels by time:
     D:2: 971 daAuts
     D:1: 752 daAuts
     D:3: 97 daAuts
